 Dungeon Crawl Stone Soup version 0.23.2-1-ga50397a6bc (webtiles) character file.

Game seed: 8486222462955019936

22529 Nattfarinn the Unseen (level 12, -2/92 HPs)
             Began as a Vampire Enchanter on May 30, 2019.
             Was a High Priest of Kikubaaqudgha.
             Killed from afar by a rakshasa (35 damage)
             ... with an orb of energy
             ... on level 14 of the Dungeon.
             The game lasted 01:15:16 (20837 turns).

Nattfarinn the Unseen (Vampire Enchanter)          Turns: 20837, Time: 01:15:25

Health: -2/92      AC: 17    Str:  7    XL:     12   Next: 63%
Magic:  19/19      EV: 22    Int: 19    God:    Kikubaaqudgha [*****.]
Gold:   705        SH:  8    Dex: 18    Spells: 11/20 levels left

rFire    + . .     SeeInvis +   D - +7 dagger (protect)
rCold    + + .     Gourm    .   L - +3 buckler
rNeg     + + +     Faith    .   x - +2 robe {rF+}
rPois    ∞         Spirit   .   (no helmet)
rElec    +         Reflect  .   a - +2 cloak
rCorr    .         Harm     .   B - +2 pair of gloves
MR       ++...                  (no boots)
Stlth    ++++++++..             (no amulet)
HPRegen  0.00/turn              C - ring of Yjir {rElec EV+5 SInv}
MPRegen  0.16/turn              g - ring of protection from magic

@: protection aura, bloodless, non-regenerating
A: fangs 3, see invisible, unbreathing
a: Bat Form, Receive Corpses, Torment, Renounce Religion


You were on level 14 of the Dungeon.
You worshipped Kikubaaqudgha.
Kikubaaqudgha was extremely pleased with you.
You were bloodless.

You visited 2 branches of the dungeon, and saw 15 of its levels.

You collected 1049 gold pieces.
You spent 344 gold pieces at shops.

Inventory:

Hand Weapons
 D - a +7 dagger of protection (weapon)
Missiles
 G - 3 tomahawks of returning (quivered)
Armour
 a - a +2 cloak (worn)
 x - a +2 robe of fire resistance (worn)
 B - a +2 pair of gloves (worn)
 L - a +3 buckler (worn)
Jewellery
 c - an uncursed ring of ice
 g - a ring of protection from magic (right hand)
 v - an uncursed ring of protection from magic
 C - the ring of Yjir (left hand) {rElec EV+5 SInv}
   (You found it on level 4 of the Dungeon)

   [ring of evasion]

   It affects your evasion (+5).
   It insulates you from electricity.
   It lets you see invisible.
 I - a +2 ring of evasion
 J - a +3 ring of protection
 K - an uncursed ring of magical power
Wands
 m - a wand of random effects (19)
 M - a wand of iceblast (19)
Scrolls
 e - 9 scrolls of remove curse
 h - 7 scrolls of teleportation
 i - a scroll of immolation {unknown}
 j - 2 scrolls of blinking
 l - 2 scrolls of fog
 n - 4 scrolls of identify
 r - 2 scrolls of magic mapping {unknown}
 t - 6 scrolls of enchant armour
 u - a scroll of fear {unknown}
 y - 2 scrolls of amnesia {unknown}
 z - a scroll of acquirement {unknown}
Potions
 b - a potion of haste
 d - 4 potions of agility
 f - 2 potions of might
 k - 6 potions of curing
 o - 5 potions of mutation
 p - a potion of invisibility {unknown}
 q - 14 potions of blood
 s - 2 potions of cancellation
 w - a potion of magic {unknown}
 A - 3 potions of heal wounds
 F - 3 potions of brilliance
 N - a potion of ambrosia {unknown}


   Skills:
 - Level 7.6 Fighting
 - Level 10.1 Short Blades
 - Level 6.3 Dodging
 + Level 15.9 Stealth
 - Level 4.0 Shields
 - Level 4.7 Spellcasting
 - Level 9.2 Hexes
 * Level 10.3 Necromancy


You had 11 spell levels left.
You knew the following spells:

 Your Spells              Type           Power        Failure   Level  Hunger
a - Corona                Hex            #####..      1%          1    None
b - Confuse               Hex            #####...     1%          3    ###....
c - Tukima's Dance        Hex            #####...     1%          3    ###....
d - Ensorcelled Hibernat  Hex/Ice        ###...       3%          2    #......

Your spell library contained the following spells:

 Spells                   Type           Power        Failure   Level  Hunger
 Pain                     Necr           ####         1%          1    None
 Corpse Rot               Necr           N/A          1%          2    #......
 Sublimation of Blood     Necr           #####.....   1%          2    #......
 Animate Dead             Necr           N/A          1%          4    ####...
 Regeneration             Chrm/Necr      ###.......   4%          3    ###....
 Agony                    Necr           #####...     4%          5    ######.
 Dispel Undead            Necr           #####...     4%          5    ######.
 Dazzling Spray           Conj/Hex       ###...       6%          3    ###....
 Spectral Weapon          Hex/Chrm       ###.....     6%          3    ###....
 Beastly Appendage        Tmut           #.....       13%         1    None
 Infusion                 Chrm           #...         13%         1    None
 Magic Dart               Conj           #...         13%         1    None
 Searing Ray              Conj           #.....       19%         2    #......
 Shroud of Golubria       Chrm/Tloc      #.........   19%         2    #......
 Song of Slaying          Chrm           #.......     19%         2    #......
 Sticks to Snakes         Tmut           #.......     19%         2    #......
 Fulminant Prism          Conj/Hex       ###.......   19%         4    ####...
 Death Channel            Necr           #####.....   28%         6    #######
 Spider Form              Tmut/Pois      #.........   36%         3    ###....
 Borgnjor's Vile Clutch   Necr/Erth      ###.......   38%         5    ######.
 Force Lance              Conj/Tloc      #.......     77%         4    ####...
 Ice Form                 Ice/Tmut       #.......     77%         4    ####...
 Iskenderun's Mystic Bla  Conj           #.......     77%         4    ####...
 Blade Hands              Tmut           #.........   98%         5    ######.


Dungeon Overview and Level Annotations

Branches:
Dungeon (14/15)            Temple (1/1) D:4            Lair (0/6) D:9
    Orc (0/2) D:11         Vaults (0/5) D:13

Altars:
Ashenzari
Cheibriados
Dithmenos
Elyvilon
Fedhas
Gozag
Hepliaklqana
Kikubaaqudgha
Makhleb
Nemelex Xobeh
Okawaru
Qazlal
Ru
Sif Muna
Trog
Uskayaw
Vehumet
Wu Jian
Xom
Yredelemnul
Zin
The Shining One

Shops:
D:4 ?%!*   D:14 *

Annotations:
D:9 2 transporters, exclusion: orange crystal statue, Thantalas's ghost, novice GrCK


Innate Abilities, Weirdness & Mutations

You do not heal naturally.
You are immune to poison.
You have razor-sharp teeth.
You have supernaturally acute eyesight. (SInv)
You can survive without breathing.


Message History

You hit the rakshasa.
The rakshasa is heavily wounded.
You hit the rakshasa but do no damage.
The rakshasa is heavily wounded.
The rakshasa completely misses you.
You closely miss the rakshasa.
The rakshasa is heavily wounded.
You hit the rakshasa but do no damage.
The rakshasa is heavily wounded.
A wyvern skeleton comes into view.
The rakshasa barely misses you.
You hit the rakshasa but do no damage.
The rakshasa is heavily wounded.
You hit the rakshasa.
The rakshasa is heavily wounded.
The rakshasa blinks!
The rakshasa gestures at you. The orb of energy hits you!!
You die...
Kikubaaqudgha rasps: "You have failed me!
Welcome... oblivion!"

..........###
#.........##
#..........#
#<.........#
#......)...# 8.8.8
#..........# . ⌠.⌠.
######.##### #8 ∩.8#
#......# ..⌠ ⌠$.
#@###### .8.8 8.
##§######## .....#.
#.RR.......
.......###..........
+...#Z.........
###.'R.........
###..........
#...#####.. ##### #


You could see 3 rakshasas and a wyvern skeleton.

Vanquished Creatures
  2 two-headed ogres (D:12)
  An unseen horror (D:12)
  Pikel (D:9)
  4 ugly things
  2 cyclopes
  A deep elf mage (D:12)
  3 centaur zombies
  Joseph (D:8)
  Psyche (D:12)
  2 efreet
  A komodo dragon (D:9)
  A tengu conjurer (D:13)
  2 hornets
  4 trolls
  3 slime creatures (D:12)
  Prince Ribbit (D:7)
  2 hippogriffs
  Sigmund (D:3)
  9 spriggans
  2 shadows
  6 hungry ghosts
  Eustachio (D:6)
  18 yaks
  A dancing weapon (D:3)
  Grum (D:8)
  5 vampire mosquitoes
  A slave (D:9)
  6 sky beasts
  3 phantoms
  3 orc warriors
  An eye of draining (D:13)
  5 ice beasts
  2 wolves (D:8)
  7 centaurs
  5 ogres
  3 bullfrogs
  Dowan (D:6)
  A troll zombie (D:11)
  5 scorpions
  A water moccasin skeleton (D:9)
  12 killer bees
  3 wights
  A howler monkey (D:4)
  6 jellies
  3 crimson imps
  6 orc priests
  A bullfrog zombie (D:12)
  8 hounds
  3 quasits
  7 centaur skeletons
  8 orc wizards
  2 bullfrog skeletons
  An iguana (D:6)
  12 worker ants
  Natasha (thrice) (D:2)
  7 ogre zombies (D:11)
  4 gnolls
  9 adders
  3 shadow imps
  An ooze (D:4)
  2 adder zombies
  5 worms
  3 dart slugs
  2 leopard geckos
  28 orcs
  3 ball pythons
  2 bat zombies (D:4)
  6 giant cockroaches
  10 hobgoblins
  16 jackals
  4 quokkas
  4 bats
  8 frilled lizards
  5 goblins
  A goblin skeleton (D:11)
  A goblin zombie (D:11)
  A hobgoblin skeleton (D:11)
  A hobgoblin zombie (D:11)
  A jackal zombie (D:2)
  5 kobolds
  A leopard gecko skeleton (D:4)
  3 orc skeletons (D:11)
  18 orc zombies (D:11)
  4 rats
  A rat zombie (D:4)
  A spectral orc (D:3)
356 creatures vanquished.

Vanquished Creatures (collateral kills)
  Edmund (D:6)
  Duvessa (D:6)
  A water moccasin (D:7)
  An ogre (D:4)
  A wolf (D:8)
  A wight (D:8)
  3 orc wizards
  Jessica (D:3)
  Terence (D:3)
  A gnoll (D:3)
  12 orcs
24 creatures vanquished.

Vanquished Creatures (others)
  4 dancing weapons
  A plant (D:9)
5 creatures vanquished.

Grand Total: 385 creatures vanquished

Notes
Turn   | Place    | Note
-------+----------+-------------------------------------------
     0 | D:1      | Nattfarinn the Vampire Enchanter began the quest for the
                  | Orb.
     0 | D:1      | Reached XP level 1. HP: 13/13 MP: 3/3
   387 | D:1      | Reached skill level 5 in Hexes
   401 | D:1      | Reached XP level 2. HP: 17/19 MP: 0/5
   981 | D:2      | Reached skill level 5 in Stealth
  1013 | D:2      | Found a sacrificial altar of Ru.
  1064 | D:2      | Reached XP level 3. HP: 24/24 MP: 6/6
  1158 | D:2      | Learned a level 3 spell: Confuse
  1602 | D:2      | Reached XP level 4. HP: 29/30 MP: 3/7
  2207 | D:2      | Found a bloodstained altar of Trog.
  2261 | D:2      | Noticed Natasha
  2268 | D:2      | Killed Natasha
  2268 | D:2      | Reached skill level 6 in Stealth
  2273 | D:2      | Learned a level 3 spell: Tukima's Dance
  2972 | D:2      | Reached XP level 5. HP: 35/35 MP: 8/8
  2973 | D:2      | Noticed Natasha
  2978 | D:2      | Killed Natasha
  3207 | D:2      | Noticed Natasha
  3222 | D:2      | Killed Natasha
  4251 | D:3      | Noticed Terence
  4329 | D:3      | Killed Terence
  4371 | D:3      | Noticed Sigmund
  4384 | D:3      | Killed Sigmund
  4384 | D:3      | Reached skill level 7 in Stealth
  4384 | D:3      | Reached XP level 6. HP: 25/41 MP: 2/9
  5083 | D:3      | Noticed Jessica
  5099 | D:3      | Killed Jessica
  5335 | D:3      | Found a radiant altar of Vehumet.
  5531 | D:3      | Found a basalt altar of Yredelemnul.
  5613 | D:4      | Learned a level 2 spell: Ensorcelled Hibernation
  5647 | D:4      | Found Ucemp's Magic Scroll Shoppe.
  5651 | D:4      | Bought a scroll of enchant armour for 97 gold pieces
  5651 | D:4      | Bought a scroll of identify for 26 gold pieces
  5651 | D:4      | Bought a scroll of remove curse for 39 gold pieces
  5668 | D:4      | Found Eduilu's Assorted Antiques.
  5685 | D:4      | Reached skill level 1 in Fighting
  6022 | D:4      | Reached XP level 7. HP: 37/48 MP: 3/10
  6177 | D:4      | Found Apnyeck's Distillery.
  6211 | D:4      | Bought a potion of mutation for 112 gold pieces
  6211 | D:4      | Bought a potion of heal wounds for 70 gold pieces
  6312 | D:4      | Reached skill level 8 in Stealth
  6632 | D:4      | Found a staircase to the Ecumenical Temple.
  6648 | D:4      | Found Ogeomodgh's Food Shoppe.
  6667 | Temple   | Entered the Ecumenical Temple
  6904 | D:4      | Got a wavering wooden ring
  6942 | D:4      | Found an ancient bone altar of Kikubaaqudgha.
  6950 | D:4      | Became a worshipper of Kikubaaqudgha
  7034 | D:5      | Entered Level 5 of the Dungeon
  7706 | D:5      | Found a deep blue altar of Sif Muna.
  7959 | D:5      | Found a burning altar of Makhleb.
  7961 | D:5      | Noticed a green death
  7965 | D:5      | Noticed a ynoxinul
  7965 | D:5      | Noticed a neqoxec
  8192 | D:5      | Found a white marble altar of Elyvilon.
  8435 | D:6      | Noticed Dowan
  8437 | D:6      | Noticed Duvessa
  8450 | D:6      | Killed Duvessa
  8459 | D:6      | Killed Dowan
  8810 | D:6      | Reached skill level 9 in Stealth
  8810 | D:6      | Reached XP level 8. HP: 60/60 MP: 11/11
  9033 | D:6      | Found a blossoming altar of Fedhas.
  9035 | D:6      | Noticed Eustachio
  9071 | D:6      | Killed Eustachio
  9158 | D:6      | Noticed Edmund
  9169 | D:6      | Killed Edmund
  9724 | D:6      | Reached * piety under Kikubaaqudgha
  9724 | D:6      | Identified Kikubaaqudgha's Handbook of Sinister Rites
                  | (Kikubaaqudgha gifted it to you on level 6 of the Dungeon)
  9724 | D:6      | Received a gift from Kikubaaqudgha
  9798 | D:6      | Found a blossoming altar of Fedhas.
  9974 | D:7      | Reached skill level 5 in Fighting
 10018 | D:7      | Reached skill level 5 in Dodging
 10023 | D:7      | Found a shadowy altar of Dithmenos.
 10026 | D:7      | Found a snail-covered altar of Cheibriados.
 10062 | D:7      | Reached skill level 10 in Stealth
 10477 | D:7      | Reached XP level 9. HP: 65/69 MP: 3/12
 10800 | D:7      | Reached skill level 11 in Stealth
 10924 | D:7      | Noticed Prince Ribbit
 11124 | D:7      | Killed Prince Ribbit
 11499 | D:6      | Reached ** piety under Kikubaaqudgha
 11559 | D:8      | Found a glowing silver altar of Zin.
 11613 | D:8      | Noticed Joseph
 11628 | D:8      | Killed Joseph
 11753 | D:8      | Noticed Grum
 11767 | D:8      | Killed Grum
 11767 | D:8      | Reached skill level 12 in Stealth
 11786 | D:8      | Reached XP level 10. HP: 51/79 MP: 1/16
 12928 | D:9      | Identified the ring of Yjir {rElec EV+5 SInv} (You found it
                  | on level 4 of the Dungeon)
 12958 | D:9      | Found a staircase to the Lair.
 12964 | D:9      | Reached skill level 1 in Shields
 13441 | D:9      | Found a transporter.
 13449 | D:9      | Noticed Thantalas's ghost (novice GrCK)
 13578 | D:9      | Found a transporter.
 13604 | D:9      | Noticed Pikel
 13621 | D:9      | Killed Pikel
 13732 | D:9      | Noticed an orange crystal statue
 14387 | D:9      | Found a stormy altar of Qazlal.
 14586 | D:10     | Entered Level 10 of the Dungeon
 14619 | D:10     | Reached *** piety under Kikubaaqudgha
 14619 | D:10     | Identified Kikubaaqudgha's Collected Works on Evil Secrets
                  | (Kikubaaqudgha gifted it to you on level 10 of the Dungeon)
 14619 | D:10     | Received a gift from Kikubaaqudgha
 14620 | D:10     | Reached skill level 5 in Short Blades
 14620 | D:10     | Reached skill level 13 in Stealth
 14707 | D:10     | Reached skill level 1 in Necromancy
 15014 | D:10     | Reached XP level 11. HP: 85/85 MP: 1/18
 16307 | D:11     | Reached skill level 5 in Necromancy
 16324 | D:11     | Noticed a green ugly thing
 16336 | D:11     | Reached **** piety under Kikubaaqudgha
 16533 | D:11     | Found a staircase to the Orcish Mines.
 16608 | D:11     | Reached skill level 14 in Stealth
 17011 | D:11     | Noticed a white ugly thing
 17020 | D:11     | Killed a white ugly thing
 17023 | D:11     | Killed a white ugly thing
 17023 | D:11     | Reached ***** piety under Kikubaaqudgha
 17590 | D:12     | Reached XP level 12. HP: 90/92 MP: 4/19
 17754 | D:12     | Noticed a two-headed ogre
 17757 | D:12     | Noticed Psyche
 17768 | D:12     | Killed a two-headed ogre
 17777 | D:12     | Killed Psyche
 17836 | D:12     | Noticed a two-headed ogre
 17847 | D:12     | Killed a two-headed ogre
 17857 | D:12     | Reached skill level 15 in Stealth
 18009 | D:12     | Reached skill level 10 in Short Blades
 19554 | D:11     | HP: 3/92 [+3 long sword (17)]
 20528 | D:13     | Found a gate to the Vaults.
 20561 | D:13     | Reached skill level 10 in Necromancy
 20762 | D:14     | Noticed a rakshasa
 20763 | D:14     | Found Nulan's General Store.
 20837 | D:14     | Killed from afar by a rakshasa

Skill      XL: |  1  2  3  4  5  6  7  8  9 10 11 12 |
---------------+-------------------------------------+-----
Hexes          | 5 6 7 9 |  9.2
Stealth        | 5 6 7 9 10 12 13 14 15 | 15.9
Fighting       | 1 3 6 7 |  7.6
Dodging        | 4 5 6 |  6.3
Spellcasting   | 4 |  4.7
Shields        | 4 |  4.0
Short Blades   | 6 9 10 | 10.1
Necromancy     | 2 7 10 | 10.3

Action                   |  1- 3 |  4- 6 |  7- 9 | 10-12 || total
-------------------------+-------+-------+-------+-------++-------
Melee: Dagger            |   107 |   195 |   389 |   828 ||  1519
       Bite              |     8 |    20 |    37 |    80 ||   145
 Cast: Corona            |     9 |       |       |       ||     9
       Confuse           |     4 |    17 |    50 |   101 ||   172
       Tukima's Dance    |       |    15 |    25 |    17 ||    57
       Ensorcelled Hiber |       |     2 |     1 |     1 ||     4
 Abil: End Transformatio |       |     1 |       |     2 ||     3
       Bat Form          |       |     1 |       |     2 ||     3
  Use: Potion            |       |     6 |     6 |     7 ||    19
       Scroll            |       |       |     2 |    24 ||    26
 Stab: Sleeping          |    11 |    11 |    26 |    64 ||   112
       Confused          |     4 |    10 |    24 |    63 ||   101
       Distracted        |       |     1 |       |     5 ||     6
  Eat: Corpse            |       |     2 |     2 |     2 ||     6
Armor: Robe              |    31 |    24 |   161 |    92 ||   308
Dodge: Dodged            |    81 |   138 |   343 |   365 ||   927
Block: Buckler           |       |       |       |   180 ||   180
